 Dungeon Crawl Stone Soup version 0.31-a0-441-g867994ef1c (webtiles) character file.

Game seed: 16638684982240468108

161 Maxmaps the Sneak (level 5, -4/36 HPs)
             Began as an Octopode Shapeshifter on Aug 2, 2023.
             Slain by a gnoll
             ... wielding a +0 flail
              (8 damage)
             ... on level 3 of the Dungeon.
             The game lasted 00:04:19 (2236 turns).

Maxmaps the Sneak (Octopode Shapeshifter)           Turns: 2236, Time: 00:04:20

Health: -4/36      AC:  1    Str: 15    XL:     5   Next: 42%
Magic:  5/5        EV: 11    Int: 12    God:
Gold:   136        SH:  7    Dex: 12    Spells: 4/4 levels left

rFire   . .          .
                       - Unarmed
rCold   . . .        h - +0 kite shield
rNeg    . . .        (helmet currently unavailable)
rPois   .            (no amulet)
rElec   .            (no ring)
rCorr   .            (no ring)
SInv    .            (no ring)
Will    .....        (no ring)
Stlth   ++++         (no ring)
HPRegen 0.26/turn    (no ring)
MPRegen 0.09/turn    (no ring)
                     (no ring)

%: no passive effects
@: beast-form, studying Stealth, invisible
A: beast (slay +2), almost no armour, amphibious, 8 rings, camouflage 1,
gelatinous body 1, (nimble swimmer 1), tentacles
a: Begin Untransformation


You were on level 3 of the Dungeon.
You were a hulking beast.
You visited 1 branch of the dungeon, and saw 3 of its levels.

You collected 136 gold pieces.

Inventory:

Armour
 h - a +0 kite shield (worn)
Talismans
 b - a beast talisman (active)
Wands
 d - a wand of flame (6)
Scrolls
 g - a scroll of silence {unknown}
Potions
 c - a potion of invisibility
 e - a potion of attraction


   Skills:
 - Level 3.0 Fighting
 - Level 3.1 Dodging
 + Level 6.1 Stealth
 - Level 3.0 Unarmed Combat
 - Level 3.0 Shapeshifting


You had 4 spell levels left.
You didn't know any spells.
Your spell library was empty.

Dungeon Overview and Level Annotations

Branches:
Dungeon (3/15)

Altars:
Xom


Innate Abilities, Weirdness & Mutations

You are a hulking beast.
Your limbs bulge with bestial killing power. (Slay +2)
You cannot wear most types of armour.
You are amphibious.
You can wear up to eight rings at the same time.
Your skin changes colour to match your surroundings (Stealth+).
Your rubbery body absorbs attacks. (AC +1, EV +1)
((You are camouflaged when in or above water. (Stealth+)))
You have tentacles for arms and can constrict up to eight enemies at once.


Message History

You are too injured to fight recklessly!
You are too injured to fight recklessly!
You are too injured to fight recklessly!
You are too injured to fight recklessly!
You are too injured to fight recklessly!
Unknown command.
It was a potion of magic.
Magic courses through your body. You block the gnoll's attack.
The gnoll hits you with a +0 flail.
* * * LOW HITPOINT WARNING * * *
It was a potion of invisibility.
You fade into invisibility!
You block the gnoll's attack. The gnoll closely misses you.
You block the gnoll's attack.
It was a potion of heal wounds.
You feel much better. You block the gnoll's attack.
The gnoll hits you with a +0 flail. The gnoll closely misses you.
You barely miss the gnoll. You grab the gnoll. You squeeze the gnoll!
The gnoll is heavily wounded.
You constrict the gnoll. You block the gnoll's attack.
The gnoll closely misses you.
You tentacle-slap the gnoll. Your grab misses the gnoll.
The gnoll is moderately wounded.
You constrict the gnoll.
The gnoll struggles to escape constriction.
You block the gnoll's attack. The gnoll closely misses you.
You tentacle-slap the gnoll. You grab the gnoll. You squeeze the gnoll.
The gnoll is severely wounded.
You constrict the gnoll.
You kill the gnoll!
You constrict the gnoll. The gnoll hits you with a +0 flail! x2
* * * LOW HITPOINT WARNING * * *
The gnoll closely misses you. x2
Your Stealth skill increases to level 6!
You barely miss the gnoll. Your grab misses the gnoll.
The gnoll is moderately wounded.
You constrict the gnoll, but do no damage.
The gnoll hits you with a +0 flail.
* * * LOW HITPOINT WARNING * * *
The gnoll hits you with a +0 flail!
You die...

...# #.#..# '#.######
#.#..# .# .........
..#..# .# .........
..#..# .#
.............#..##.###
......... ...#....?..###
......... #.#..........
......... #.......#.##.
......... #...gh)...#
.#.............).g....#
.#.##########..#.....$#
......................#
................>.......
.......#.....#.#.....###
.#####...#### .#.#####
.# #...#.. ..#.# .#
#...#.#


You could see 2 gnolls.

Vanquished Creatures
  Crazy Yiuf (D:2)
  Terence (D:2)
  Robin (D:2)
  2 gnolls (D:3)
  An adder (D:2)
  A dart slug (D:2)
  An orc (D:3)
  7 endoplasms
  15 goblins
  3 hobgoblins (D:2)
  8 jackals
  3 quokkas
  2 ball pythons
  6 bats
  10 frilled lizards (D:1)
  2 kobolds
  A rat (D:2)
65 creatures vanquished.

Notes
Turn   | Place    | Note
-------+----------+-------------------------------------------
     0 | D:1      | Maxmaps the Octopode Shapeshifter began the quest for the
                  | Orb.
     0 | D:1      | Reached XP level 1. HP: 13/13 MP: 1/1
   188 | D:1      | Reached XP level 2. HP: 17/19 MP: 2/2
   630 | D:1      | Reached XP level 3. HP: 22/25 MP: 3/3
   958 | D:2      | Noticed Terence
   969 | D:2      | Killed Terence
   970 | D:2      | Reached XP level 4. HP: 10/31 MP: 4/4
  1212 | D:2      | Found a runed translucent door.
  1213 | D:2      | Noticed Crazy Yiuf
  1282 | D:2      | Noticed Robin
  1299 | D:2      | Reached skill level 1 in Stealth
  1317 | D:2      | Reached skill level 2 in Stealth
  1321 | D:2      | Identified a scroll of acquirement
  1321 | D:2      | Acquired a manual of Stealth
  1346 | D:2      | Killed Robin
  1347 | D:2      | Reached skill level 3 in Stealth
  1629 | D:2      | Killed Crazy Yiuf
  1630 | D:2      | Reached skill level 5 in Stealth
  1630 | D:2      | Reached XP level 5. HP: 28/36 MP: 5/5
  1799 | D:3      | Found a shimmering altar of Xom.
  2139 | D:3      | Found a faded altar of an unknown god.
  2236 | D:3      | Reached skill level 6 in Stealth
  2236 | D:3      | Slain by a gnoll

Illustrated notes

Levels and vault maps discovered:
D:1:      dpeg_arrival_another_circle, layout_basic, minmay_lizard_king
D:2:      layout_rooms, uniq_robin, uniq_crazy_yiuf_cottage, uniq_terence
D:3:      layout_basic, mainiacjoe_overflow_chevrons,
          shapermc_ecumenical_altar_mp_urbaneastern, grunt_decor_fettered

Skill      XL: |  1  2  3  4  5 |
---------------+----------------+-----
Fighting       | 2 3 |  3.0
Dodging        | 3 |  3.1
Stealth        | 5 6 |  6.1
Unarmed Combat | |  3.0
Shapeshifting  | |  3.0

Action                     |  1- 3 |  4- 6 || total
---------------------------+-------+-------++-------
  Melee: Unarmed           |    62 |    91 ||   153
         Constrict         |    13 |    19 ||    32
         Tentacles         |     8 |    20 ||    28
         Punch             |     2 |     2 ||     4
    Use: Potion            |     1 |     5 ||     6
         Scroll            |       |     5 ||     5
   Stab: Sleeping          |     6 |     4 ||    10
 Armour: Skin              |     2 |    49 ||    51
  Dodge: Dodged            |    45 |    34 ||    79
  Block: Kite shield       |       |    42 ||    42

Table legend: (Time is in decaauts)
 A = Elapsed time spent in this place.
 B = Non-inter-level travel time spent in this place.
 C = Inter-level travel time spent in this place.
 D = Time resting spent in this place.
 E = Time spent auto-exploring this place.
 F = Levels seen in this place.
 G = Mean time per level.
                   A        B        C        D        E       F      G
               +--------+--------+--------+--------+--------+-----+--------+
         Total |   2244 |   2103 |    141 |    230 |   1414 |   3 |  748.0 |
       Dungeon |   2244 |   2103 |    141 |    230 |   1414 |   3 |  748.0 |
               +--------+--------+--------+--------+--------+-----+--------+

Top non-repeatable levels by time:
     D:1: 886 daAuts
     D:2: 857 daAuts
     D:3: 499 daAuts
